 Dungeon Crawl Stone Soup version 0.27-a0-1118-ga84896973d (webtiles) character file.

Game seed: 18291461490388497736

1221 Froggeryz the Stinger (level 8, -3/66 HPs)
             Began as a Demigod Venom Mage on May 2, 2021.
             Slain by a phantom (5 damage)
             ... on level 5 of the Dungeon.
             The game lasted 00:12:30 (7853 turns).

Froggeryz the Stinger (Demigod Venom Mage)          Turns: 7853, Time: 00:12:31

Health: -3/66      AC:  4    Str: 13    XL:     8   Next: 3%
Magic:  14/14      EV: 12    Int: 21    God:
Gold:   126        SH:  0    Dex: 14    Spells: 1/11 levels left

rFire    . . .     SeeInvis +   e - +2 short sword (venom)
rCold    . . .     Faith    .   (no shield)
rNeg     . . .     Spirit   .   a - +0 robe
rPois    .         Reflect  .   n - +0 helmet
rElec    .         Harm     .   (no cloak)
rCorr    .         Rampage  .   (no gloves)
Will     .....                  d - +0 pair of boots
Stlth    ++........             k - amulet of magic regeneration
HPRegen  0.21/turn              h - ring of see invisible
MPRegen  0.39/turn              (no ring)

@: brilliant, about to teleport, attractive
A: high mp 1, forlorn
a: no special abilities


You were on level 5 of the Dungeon.
You visited 2 branches of the dungeon, and saw 7 of its levels.

You collected 126 gold pieces.

Inventory:

Hand Weapons
 e - a +2 short sword of venom (weapon)
 s - a +4 scimitar
Armour
 a - a +0 robe (worn)
 d - a +0 pair of boots (worn)
 n - a +0 helmet (worn)
Jewellery
 h - a ring of see invisible (left hand)
 k - an amulet of magic regeneration (around neck)
Wands
 i - a wand of acid (3)
 p - a wand of mindburst (6)
 r - a wand of flame (9)
Scrolls
 b - 7 scrolls of identify
 j - a scroll of blinking
 l - a scroll of fear
 m - 3 scrolls of teleportation
 q - a scroll of enchant weapon {unknown}
Potions
 c - 2 potions of lignification


   Skills:
 - Level 4.1 Fighting
 + Level 1.8 Armour
 - Level 1.7 Dodging
 - Level 1.7 Stealth
 - Level 2.2 Spellcasting
 - Level 0.8 Transmutations
 * Level 2.8 Ice Magic
 - Level 7.2 Poison Magic


You had one spell level left.
You knew the following spells:

 Your Spells              Type           Power      Damage    Failure   Level
a - Sting                 Tmut/Pois      100%       1d8       2%          1
b - Poisonous Vapours     Pois/Air       52%        N/A       4%          2
c - Olgreb's Toxic Radia  Pois           49%        N/A       7%          4
d - Frozen Ramparts       Ice            42%        1d6       14%         3

Your spell library contained the following spells:

 Spells                   Type           Power      Damage    Failure   Level
 Freeze                   Ice            84%        1d10      4%          1
 Animate Skeleton         Necr           6%         N/A       14%         1
 Apportation              Tloc           6%         N/A       14%         1
 Corona                   Hex            3%         N/A       14%         1
 Pain                     Necr           12%        1d4       14%         1
 Summon Small Mammal      Summ           12%        N/A       14%         1
 Ignite Poison            Fire/Tmut/Pois 20%        N/A       14%         3
 Ozocubu's Armour         Ice            21%        N/A       14%         3
 Mephitic Cloud           Conj/Pois/Air  18%        N/A       16%         3
 Call Imp                 Summ           3%         N/A       22%         2
 Call Canine Familiar     Summ           3%         N/A       41%         3
 Summon Guardian Golem    Hex/Summ       3%         N/A       41%         3
 Vampiric Draining        Necr           1%         2d6       41%         3
 Hailstorm                Conj/Ice       12%        3d5       63%         4
 Summon Ice Beast         Ice/Summ       12%        N/A       63%         4
 Animate Dead             Necr           1%         N/A       82%         4
 Summon Lightning Spire   Summ/Air       3%         N/A       82%         4
 Metabolic Englaciation   Hex/Ice        6%         N/A       92%         5
 Agony                    Necr           3%         N/A       99%         5


Dungeon Overview and Level Annotations

Branches:
Dungeon (6/15)             Temple (1/1) D:4

Shops:
D:3 ?


Innate Abilities, Weirdness & Mutations

Your attributes grow dramatically as you level up.
You have an increased reservoir of magic. (+10% MP)
You shall have no god before yourself.


Message History

Confirm with . or Enter, or press ? or * to list all spells.
Aiming: Poisonous Vapours (safe; 4% risk of failure)
Press: ? - help, Dir - move target, f/p - ogre
Aim: an ogre, wielding a +0 giant club (almost dead) Poisonous vapours surround the ogre!
The ogre is engulfed in poison gas.
The ogre is poisoned.
You kill the ogre!
You have reached level 8!
It was a potion of attraction.
You feel attractive to monsters. The phantom hits you!
* * * LOW HITPOINT WARNING * * *
The phantom blinks!
You blink.
Found 16 arrows.
It was a potion of brilliance.
You feel clever all of a sudden. The phantom hits you.
* * * LOW HITPOINT WARNING * * *
The jelly is pulled toward you!
It was a potion of magic.
Magic courses through your body. The phantom closely misses you.
Okay, then.
Blink to where?
Press: ? - help, Dir - move target
Okay, then.
Unknown command.
Unknown command.
The jelly is pulled toward you!
Found 9 gold pieces.
Blink to where?
Press: ? - help, Dir - move target
As you read the scroll of blinking, it crumbles to dust.
The phantom is pulled toward you! The phantom is pulled toward you!
There is a stone staircase leading up here.
You climb upwards.
There is a stone staircase leading down here.
As you read the scroll of teleportation, it crumbles to dust.
You feel strangely unstable. The phantom hits you.
You die...

....#.......#.##.# #.#
.........##......# #.#
#####....####.############.#
.........# #.# #........#
..###....# #.# #.########
.........# #.# #.# .........#
#.# #.# .........####.#####.##
...)............@W...#
.......######.########
........## #.# .........####.#
### ..............#### #####.#
........##.......#######.....#
........##................##.#
......####.......#######..##.#
......# ##.#...(.........##.##


You could see a phantom.

Vanquished Creatures
  An ice beast (D:5)
  A black bear (D:6)
  2 necrophages
  3 ogres
  Blork the orc (D:4)
  A scorpion (D:5)
  A wight (D:6)
  3 centaur zombies (D:5)
  A centaur skeleton (D:6)
  A hound (D:4)
  3 iguanas
  A scorpion zombie (D:5)
  A hound zombie (D:5)
  A hound skeleton (D:4)
  6 adders
  A shadow imp (D:6)
  A white imp (D:6)
  An ufetubus (D:4)
  An adder zombie (D:5)
  A worm (D:2)
  6 dart slugs
  2 orcs
  5 ball pythons
  4 endoplasms
  4 giant cockroaches
  8 goblins
  7 hobgoblins
  7 jackals
  8 kobolds
  A quokka (D:2)
  6 bats
  4 frilled lizards
  6 rats
100 creatures vanquished.

Vanquished Creatures (others)
  A plant (D:4)
1 creature vanquished.

Grand Total: 101 creatures vanquished

Notes
Turn   | Place    | Note
-------+----------+-------------------------------------------
     0 | D:1      | Froggeryz the Demigod Venom Mage began the quest for the
                  | Orb.
     0 | D:1      | Reached XP level 1. HP: 14/14 MP: 5/5
   147 | D:1      | Reached skill level 3 in Poison Magic
   227 | D:1      | Reached XP level 2. HP: 20/20 MP: 7/7
  1230 | D:1      | Reached XP level 3. HP: 26/26 MP: 7/9
  2432 | D:2      | You fall into a shaft and drop 2 floors!
  2444 | D:4      | Noticed Blork the orc
  2465 | D:4      | Reached skill level 4 in Poison Magic
  3187 | D:3      | Noticed a necrophage
  3191 | D:3      | Killed a necrophage
  3192 | D:3      | Reached skill level 1 in Fighting
  3192 | D:3      | Reached XP level 4. HP: 36/36 MP: 10/10
  3200 | D:3      | Found Kas Huraumu's Magic Scroll Shop.
  3402 | D:3      | Reached XP level 5. HP: 41/41 MP: 11/11
  3731 | D:3      | Noticed an ogre
  3748 | D:3      | Killed an ogre
  3749 | D:3      | Reached skill level 5 in Poison Magic
  4257 | D:4      | Learned a level 2 spell: Poisonous Vapours
  4419 | D:4      | Reached XP level 6. HP: 30/50 MP: 9/12
  4892 | D:4      | Found a staircase to the Ecumenical Temple.
  5197 | D:4      | Killed Blork the orc
  5346 | D:4      | Reached skill level 6 in Poison Magic
  5572 | Temple   | Entered the Ecumenical Temple
  5825 | D:5      | Entered Level 5 of the Dungeon
  6337 | D:5      | Reached XP level 7. HP: 41/57 MP: 13/13
  6895 | D:5      | Learned a level 4 spell: Olgreb's Toxic Radiance
  6948 | D:5      | Reached skill level 7 in Poison Magic
  7023 | D:5      | Learned a level 3 spell: Frozen Ramparts
  7522 | D:6      | Reached skill level 1 in Ice Magic
  7770 | D:6      | Reached skill level 1 in Armour
  7845 | D:6      | Reached XP level 8. HP: 13/66 MP: 9/14
  7846 | D:6      | HP: 1/66 [phantom (6)]
  7853 | D:5      | Slain by a phantom

Illustrated notes

Levels and vault maps discovered:
D:1:      minmay_arrival_plants_in_alcoves, layout_loops_ring,
          chequers_ecumenical_altar_grove, serial_park_tiny_1
D:2:      layout_basic
D:3:      layout_loops_corners, lemuel_round_altar, serial_shops, shop,
          chequers_serial_rivers_micro_d
D:4:      layout_gridville, kennysheep_slug_shrine,
          chequers_temple_overflow_statue_of_worship, temple_hall,
          grunt_ministairs_12, chequers_big_river, uniq_blork_the_orc
D:5:      layout_basic, nicolae_dithmenos_shadow_blocks
D:6:      minmay_general_purpose_star, layout_rooms, portal_sewer_entry_d,
          uniq_crazy_yiuf_cottage
Temple:   nicolae_temple_figure_eight

Skill      XL: |  1  2  3  4  5  6  7 |
---------------+----------------------+-----
Poison Magic   | 3 4 5 6 7 |  7.2
Spellcasting   | 2 |  2.2
Fighting       | 1 2 3 4 |  4.1
Ice Magic      | 2 |  2.8
Armour         | 1 |  1.8
Dodging        | |  1.7
Stealth        | |  1.7
Transmutations | |  0.8

Action                   |  1- 3 |  4- 6 |  7- 9 || total
-------------------------+-------+-------+-------++-------
Melee: Short sword       |    77 |   108 |    61 ||   246
       Unarmed           |     1 |       |       ||     1
 Cast: Sting             |    51 |    23 |     1 ||    75
       Poisonous Vapours |       |     3 |    12 ||    15
       Olgreb's Toxic Ra |       |       |     5 ||     5
       Frozen Ramparts   |       |       |     1 ||     1
Evoke: Wand              |     3 |       |     6 ||     9
  Use: Scroll            |     7 |       |     4 ||    11
       Potion            |       |       |     4 ||     4
 Stab: Sleeping          |     7 |     6 |       ||    13
Armor: Robe              |    27 |    21 |    29 ||    77
Dodge: Dodged            |    67 |    76 |    50 ||   193

Table legend: (Time is in decaauts)
 A = Elapsed time spent in this place.
 B = Non-inter-level travel time spent in this place.
 C = Inter-level travel time spent in this place.
 D = Time resting spent in this place.
 E = Time spent auto-exploring this place.
 F = Levels seen in this place.
 G = Mean time per level.
                   A        B        C        D        E       F      G
               +--------+--------+--------+--------+--------+-----+--------+
         Total |   7896 |   7582 |    314 |   1076 |   5287 |   7 | 1128.0 |
       Dungeon |   7689 |   7383 |    306 |   1076 |   5089 |   6 | 1281.5 |
        Temple |    207 |    199 |      8 |      0 |    198 |   1 |  207.0 |
               +--------+--------+--------+--------+--------+-----+--------+

Top non-repeatable levels by time:
     D:4: 1738 daAuts
     D:5: 1653 daAuts
     D:2: 1499 daAuts
     D:1: 1437 daAuts
     D:3: 976 daAuts
     D:6: 385 daAuts
  Temple: 207 daAuts
